 Dungeon Crawl Stone Soup version 0.18.1-5-g4a78601 (webtiles) character file.

808 barb4r1an the Grave Robber (level 7, -4/46 HPs)
             Began as a Vampire Necromancer on May 12, 2016.
             Killed from afar by an orc wizard (9 damage)
             ... with a puff of flame
             ... on level 4 of the Dungeon.
             The game lasted 00:11:38 (4258 turns).

barb4r1an the Grave Robber (Vampire Necromancer)    Turns: 4258, Time: 00:11:39

Health: -4/46      AC:  1    Str:  7    XL:     7   Next: 60%
Magic:  0/14       EV: 15    Int: 22    God:
Gold:   198        SH:  0    Dex: 14    Spells: 3 memorised, 10 levels left

rFire  . . .     SeeInvis +     t - +1 whip (freeze)
rCold  . . .     Gourm    .     a - +0 robe
rNeg   + . .     Faith    .     (no shield)
rPois  .         Spirit   .     (helmet restricted)
rElec  .         Dismiss  .     (no cloak)
rCorr  .         Reflect  .     (no gloves)
SustAt .         Harm     .     (no boots)
MR     .....                    (no amulet)
Stlth  ++........               (no ring)
                                h - +2 ring of intelligence

@: not resistant to hostile enchantments, unstealthy
A: fangs 3, horns 1, see invisible, deformed body, mutation resistance 1,
unbreathing
a: Bat Form


You were on level 4 of the Dungeon.
You were not thirsty.

You visited 1 branch of the dungeon, and saw 4 of its levels.

You collected 198 gold pieces.

Inventory:

Hand Weapons
 c - a +0 dagger
 t - a +1 whip of freezing (weapon)
Armour
 a - a +0 robe (worn)
 n - a +0 helmet
Jewellery
 h - a +2 ring of intelligence (left hand)
Wands
 s - a wand of paralysis (5/24)
Scrolls
 d - 2 scrolls of teleportation
 i - a scroll of identify
 k - a scroll of fog {unknown}
 l - a scroll of fear {unknown}
 p - a scroll of remove curse {unknown}
Potions
 e - a potion of lignification {unknown}
 f - 2 potions of heal wounds
 g - a potion of might {unknown}
 m - a potion of cancellation {unknown}
 o - a potion of curing {unknown}
 q - 2 potions of brilliance {unknown}
 r - a potion of haste {unknown}
Books
 b - a book of Necromancy

   Spells                             Type                      Level
   a - Pain                           Necromancy                   1
   b - Animate Skeleton               Necromancy                   1
   c - Vampiric Draining              Necromancy                   3
   d - Regeneration                   Charms/Necromancy            3
   e - Animate Dead                   Necromancy                   4
   f - Control Undead                 Necromancy                   4


   Skills:
 + Level 5.4 Dodging
 - Level 3.1 Stealth
 + Level 5.0 Spellcasting
 + Level 7.1 Necromancy


You had 10 spell levels left.
You knew the following spells:

 Your Spells              Type           Power        Failure   Level  Hunger
a - Pain                  Necr           ####         1%          1    None
b - Animate Skeleton      Necr           N/A          1%          1    None
c - Animate Dead          Necr           N/A          8%          4    ####...


Dungeon Overview and Level Annotations

Branches:
Dungeon (4/15)
 Temple: D:4-7

Altars:
Fedhas

Shops:
D:4 !


Innate Abilities, Weirdness & Mutations

You have razor-sharp teeth.
You have supernaturally acute eyesight.
You can survive without breathing.
You have a pair of small horns on your head.
Armour fits poorly on your strangely shaped body.
You are somewhat resistant to further mutation.


Message History

Press: ? - help, Shift-Dir - straight line, f/p - orc wizard
Aim: an orc wizard, wielding a dagger and wearing a robe (moderately wounded, fast, chance to defeat MR: 84%)
The orc wizard convulses in agony!
The orc wizard hits you with a dagger.
* * * LOW HITPOINT WARNING * * *
The orc wizard closely misses you.
Casting: Pain
Confirm with . or Enter, or press ? or * to list all spells.
Aiming: Pain
Press: ? - help, Shift-Dir - straight line, f/p - orc wizard
Aim: an orc wizard, wielding a dagger and wearing a robe (heavily wounded, fast, chance to defeat MR: 84%)
The orc wizard barely resists.
The orc wizard closely misses you.
Casting: Pain
Confirm with . or Enter, or press ? or * to list all spells.
Aiming: Pain
Press: ? - help, Shift-Dir - straight line, f/p - orc wizard
Aim: an orc wizard, wielding a dagger and wearing a robe (heavily wounded, fast, chance to defeat MR: 84%)
The orc wizard convulses in agony!
The orc wizard casts a spell at you. The puff of flame hits you!
You die...

################.#
#.# #.# #.# #.#
#.# #.# #.# #@#
########o#
......)oo#
##########


You could see an orc wizard and 2 orcs.

Vanquished Creatures
  Pikel (D:3)
  Sigmund (D:4)
  A scorpion (D:4)
  An orc wizard (D:3)
  A hound skeleton (D:4)
  Robin (D:2)
  4 gnolls (D:3)
  3 adders (D:2)
  An ooze (D:1)
  An adder skeleton (D:4)
  2 dart slugs
  4 giant geckos
  4 orcs
  4 bats (D:1)
  A giant cockroach (D:2)
  17 goblins
  6 hobgoblins
  11 kobolds
  2 quokkas
  A ball python (D:2)
  2 giant newts
  3 rats
72 creatures vanquished.

Vanquished Creatures (collateral kills)
  An adder (D:2)
  A dart slug (D:2)
  A giant cockroach (D:2)
  A goblin (D:2)
  2 kobolds
6 creatures vanquished.

Grand Total: 78 creatures vanquished

Notes
Turn   | Place    | Note
--------------------------------------------------------------
     0 | D:1      | barb4r1an the Vampire Necromancer began the quest for the Orb.
     0 | D:1      | Reached XP level 1. HP: 13/13 MP: 3/3
    10 | D:1      | Learned a level 1 spell: Animate Skeleton
   101 | D:1      | Reached XP level 2. HP: 10/19 MP: 1/5
   729 | D:1      | Reached skill level 5 in Necromancy
   802 | D:1      | Reached XP level 3. HP: 21/24 MP: 2/6
  1250 | D:2      | Found a blossoming altar of Fedhas.
  1959 | D:2      | Reached XP level 4. HP: 30/30 MP: 6/8
  1972 | D:2      | Learned a level 4 spell: Animate Dead
  2215 | D:2      | Noticed Robin
  2746 | D:2      | Killed Robin
  3241 | D:3      | Reached XP level 5. HP: 33/35 MP: 5/9
  3440 | D:3      | Paralysed by a hobgoblin for 3 turns
  3691 | D:4      | Noticed a slave
  3694 | D:4      | Noticed Pikel
  3698 | D:4      | Noticed a slave
  3700 | D:4      | Noticed a slave
  3709 | D:3      | Killed Pikel
  3709 | D:3      | Reached skill level 5 in Dodging
  3709 | D:3      | Reached skill level 6 in Necromancy
  3709 | D:3      | Reached XP level 6. HP: 8/41 MP: 1/13
  3709 | D:3      | Reached XP level 7. HP: 9/46 MP: 1/14
  4130 | D:4      | Found Neliott's Distillery.
  4141 | D:4      | Gained mutation: Armour fits poorly on your strangely shaped body. [potion of mutation]
  4141 | D:4      | Gained mutation: You have a pair of small horns on your head. [potion of mutation]
  4141 | D:4      | Gained mutation: You are somewhat resistant to further mutation. [potion of mutation]
  4219 | D:4      | Noticed Sigmund
  4248 | D:4      | Killed Sigmund
  4248 | D:4      | Reached skill level 5 in Spellcasting
  4248 | D:4      | Reached skill level 7 in Necromancy
  4258 | D:4      | Killed from afar by an orc wizard

Skill      XL: |  1  2  3  4  5  6  7 |
---------------+----------------------+-----
Necromancy     | 5 6 7 |  7.1
Dodging        | 3 5 |  5.4
Spellcasting   | 3 4 5 |  5.0
Stealth        | |  3.1

Action                   |  1- 3 |  4- 6 |  7- 9 || total
-------------------------+-------+-------+-------++-------
Melee: Unarmed           |     4 |       |       ||     4
       Bite              |     1 |       |       ||     1
       Whip              |       |       |     9 ||     9
       Headbutt          |       |       |     2 ||     2
 Cast: Pain              |    58 |    65 |    21 ||   144
       Animate Skeleton  |    19 |       |       ||    19
       Animate Dead      |       |     2 |     1 ||     3
  Use: Potion            |     2 |     7 |     2 ||    11
       Scroll            |       |       |     3 ||     3
 Stab: Sleeping          |       |       |     1 ||     1
Armor: Robe              |     4 |     2 |     1 ||     7
Dodge: Dodged            |    21 |     9 |    16 ||    46
